 Dungeon Crawl Stone Soup version 0.31-a0-152-g6aa68a64a1 (webtiles) character file.

Game seed: 11739009647628379745

34 qw the Shooter (level 3, 0/21 HPs)
             Began as a Gargoyle Hunter on June 10, 2023.
             Frozen to death by an endoplasm (2 damage)
             ... on level 2 of the Dungeon.
             The game lasted 00:00:20 (1347 turns).

qw the Shooter (Gargoyle Hunter)                    Turns: 1347, Time: 00:00:21

Health: 0/21       AC:  7    Str: 14    XL:     3   Next: 31%
Magic:  3/3        EV: 11    Int:  9    God:
Gold:   38         SH:  0    Dex: 15    Spells: 2/2 levels left

rFire   . . .        Y - +0 shortbow
rCold   . . .        (shield currently unavailable)
rNeg    + . .        c - +0 leather armour
rPois   inf          (no helmet)
rElec   +            (no cloak)
rCorr   .            (no gloves)
SInv    .            i - +0 pair of boots
Will    .....        (no amulet)
Stlth   ++           (no ring)
HPRegen 0.23/turn    (no ring)
MPRegen 0.08/turn

%: no passive effects
@: no status effects
A: sickness immunity, AC +3, negative energy resistance 1, electricity
resistance, torment resistance 1, petrification resistance
a: no special abilities


You were on level 2 of the Dungeon.
You visited 1 branch of the dungeon, and saw 2 of its levels.

You collected 38 gold pieces.


Innate Abilities, Weirdness & Mutations

You are immune to sickness and miasma.
Your stone body is resilient. (AC +3)
You are immune to poison.
You resist negative energy. (rN+)
You are resistant to electric shocks. (rElec)
You are resistant to unholy torment.
You are immune to petrification.


   Skills:
 + Level 2.2 Fighting
 - Level 5.0 Ranged Weapons
 - Level 1.5 Dodging
 - Level 1.1 Stealth


You had 2 spell levels left.
You didn't know any spells.
Your spell library was empty.

Inventory:

Hand Weapons
 Y - a +0 shortbow (weapon)
Armour
 c - a +0 leather armour (worn)
 i - a +0 pair of boots (worn)
Potions
 e - a potion of haste {unknown}
 g - a potion of attraction

Dungeon Overview and Level Annotations

Branches:
Dungeon (2/15)

Altars:


Message History

The adder bites you but does no damage.
You shoot an arrow. The arrow barely misses the adder.
The adder bites you but does no damage.
The giant cockroach bites you but does no damage.
The goblin completely misses you. The goblin misses you.
You shoot an arrow. The arrow barely misses the adder.
The adder bites you. The giant cockroach barely misses you.
The goblin hits you but does no damage. x2
The giant cockroach closely misses you. The adder bites you.
You shoot an arrow. The arrow hits the adder.
The adder is severely wounded.
The endoplasm hits you but does no damage.
The goblin hits you but does no damage. x2; The adder barely misses you.
The giant cockroach barely misses you.
You shoot an arrow. The arrow closely misses the adder.
The adder barely misses you. The goblin hits you with a +0 dagger.
The goblin hits you but does no damage.
The endoplasm hits you but does no damage.
The giant cockroach completely misses you.
The adder bites you but does no damage. The endoplasm closely misses you.
The goblin hits you but does no damage. The goblin closely misses you.
The giant cockroach bites you but does no damage.
You shoot an arrow. The arrow misses the adder.
The adder misses you. The giant cockroach misses you.
The goblin barely misses you. The goblin hits you but does no damage.
The endoplasm hits you.
You shoot an arrow. The arrow hits the adder.
The adder is almost dead.
The adder bites you but does no damage. The giant cockroach closely misses you.
The endoplasm hits you. The goblin closely misses you.
The goblin hits you with a +0 club. The adder bites you.
The giant cockroach barely misses you.
You shoot an arrow.
The arrow hits the adder but does no damage.
The adder is almost dead.
The adder bites you. The goblin barely misses you.
The goblin hits you but does no damage. The endoplasm freezes you.
You are frozen.
You die...

### ###..
>..######
#.)...^.#
#.......# .
#.%.....#
....#.gJ....#
#...wg@....#
#[...##SB####
#.#.# #..#
#..! .).# ..#
##.. ##. #.#
. .# ..


You could see a worm, an adder, an endoplasm, a giant cockroach and 2 goblins.

Vanquished Creatures
  An adder (D:2)
  3 ball pythons (D:1)
  3 endoplasms (D:1)
  2 giant cockroaches (D:1)
  A goblin (D:1)
  A hobgoblin (D:1)
  2 bats (D:1)
  7 kobolds (D:1)
  3 rats (D:1)
23 creatures vanquished.

Notes
Turn   | Place    | Note
-------+----------+-------------------------------------------
     0 | D:1      | qw the Gargoyle Hunter began the quest for the Orb.
     0 | D:1      | Reached XP level 1. HP: 12/12 MP: 1/1
     0 | D:1      | 0 ||| qw: Version: 0.2-a-29-gd901d54
     0 | D:1      | 0 ||| qw: Game counter: 3966
     0 | D:1      | 0 ||| qw: Always use a shield: true
     0 | D:1      | 0 ||| qw: God list: Okawaru
     0 | D:1      | 0 ||| qw: Allow faded altars: false
     0 | D:1      | 0 ||| qw: Do Orc after D:15 true
     0 | D:1      | 0 ||| qw: Do second Lair branch before Depths: true
     0 | D:1      | 0 ||| qw: Lair rune preference: random
     0 | D:1      | 0 ||| qw: Plans: Normal, Zot:1-4, Slime:5, God:TSO, Crypt,
                  | Tomb, Abyss, Pan, Hells, Win
     0 | D:1      | 0 ||| PLANNING D:1-11
   440 | D:1      | Reached XP level 2. HP: 17/17 MP: 2/2
   595 | D:1      | HP: 3/17 [kobold/+0 club (3)]
  1109 | D:1      | Reached XP level 3. HP: 21/21 MP: 3/3
  1253 | D:1      | 1253 ||| UPGRADING to +0 pair of boots.
  1258 | D:1      | 1258 ||| READING scroll labelled WORCHO LEOR.
  1259 | D:1      | 1259 ||| READING scroll labelled YZUUCA OXYNOYPITHI.
  1260 | D:1      | 1260 ||| READING scroll labelled GAXIUW WEOCEME.
  1261 | D:1      | 1261 ||| DRINKING 2 bubbling amethyst potions.
  1262 | D:1      | 1262 ||| DROPPING scroll of butterflies.
  1283 | D:2      | Reached skill level 5 in Ranged Weapons
  1285 | D:2      | 1285 ||| STAIRDANCE
  1346 | D:2      | HP: 5/21 [goblin/+0 club (3)]
  1347 | D:2      | HP: 2/21 [adder (2)]
  1347 | D:2      | Frozen to death by an endoplasm

Levels and vault maps discovered:
D:1:      dpeg_arrival_erosion, layout_basic
D:2:      layout_rooms, dreamdust_ecumenical_altar_sealed_demon, uniq_sigmund,
          uniq_robin, uniq_crazy_yiuf_cottage

Skill      XL: |  1  2  3 |
---------------+----------+-----
Ranged Weapons | 5 |  5.0
Fighting       | |  2.2
Dodging        | |  1.5
Stealth        | |  1.1

Action                     || total
---------------------------++-------
   Fire: Shortbow          ||    78
    Use: Scroll            ||     3
         Potion            ||     1
 Armour: Leather armour    ||    31
  Dodge: Dodged            ||    41

Table legend:
 A = Non-vault XP
 B = Vault XP
 C = Vault XP percentage of total XP
 D = Non-vault monster count
 E = Vault monster count
 F = Vault count percentage of total count
                 A         B        C        D         E       F
            +---------+---------+-------+---------+---------+-------
      Total |      49 |       0 |   0.0 |      23 |       0 |   0.0
            +---------+---------+-------+---------+---------+-------
        D:1 |      36 |       0 |   0.0 |      22 |       0 |   0.0
        D:2 |      13 |       0 |   0.0 |       1 |       0 |   0.0
            +---------+---------+-------+---------+---------+-------
